 Dungeon Crawl Stone Soup version 0.22-a0-456-g11ed031 (webtiles) character file.

12931 galech the Basher (level 12, -1/130 HPs)
             Began as an Ogre Berserker on June 6, 2018.
             Was a High Priest of Trog.
             Slain by a cyan ugly thing (17 damage)
             ... on level 1 of the Abyss.
             The game lasted 00:20:56 (12270 turns).

galech the Basher (Ogre Berserker)                 Turns: 12270, Time: 00:20:57

Health: -1/130     AC:  4    Str: 34    XL:     12   Next: 0%
Magic:  12/12      EV: 13    Int: 12    God:    Trog [*****.]
Gold:   267        SH:  0    Dex:  8    Spells: 11/11 levels left

rFire    . . .     SeeInvis +   x - +3 flail (protect)
rCold    . . .     Gourm    .   (no shield)
rNeg     + . .     Faith    .   N - +2 robe {rN+}
rPois    .         Spirit   .   P - +2 hat {SInv}
rElec    .         Reflect  .   p - +1 cloak
rCorr    .         Harm     .   (gloves unavailable)
MR       ++...                  (boots unavailable)
Stlth    ++........             B - amulet of regeneration
HPRegen  0.71/turn              b - ring of Geihuamei {MR+ Str+2 Int+4}
MPRegen  0.13/turn              I - +4 ring of strength

@: lethally poisoned (-1 -> -2), corroded, protection aura, berserk cooldown,
slowed, very slow
A: large, unfitting armour, tough skin 1
a: Berserk, Trog's Hand, Brothers in Arms, Renounce Religion


You were on level 1 of the Abyss.
You worshipped Trog.
Trog was extremely pleased with you.
You were not hungry.

You visited 1 branch of the dungeon, and saw 10 of its levels.
You visited the Abyss 1 time.
You also visited: Ossuary.

You collected 631 gold pieces.
You spent 364 gold pieces at shops.

Inventory:

Hand Weapons
 k - a +2 mace of protection
 s - a +0 flail of protection
 t - a +1 flail of crushing
 x - a +3 flail of protection (weapon)
 H - a +3 dire flail of venom
Armour
 p - a +1 cloak (worn)
 C - the +1 robe of Omission {rF+}
   (You bought it in a shop on level 7 of the Dungeon)

   It protects you from fire.
 G - the +0 robe of the Ancient Places {rPois rC+ Str-5}
   (You bought it in a shop on level 7 of the Dungeon)

   It affects your strength (-5).
   It protects you from cold.
   It protects you from poison.
 N - a +2 robe of positive energy (worn)
 P - a +2 hat of see invisible (worn)
Jewellery
 b - the ring of Geihuamei (left hand) {MR+ Str+2 Int+4}
   (You found it on level 10 of the Dungeon)

   [ring of intelligence]

   It affects your strength (+2).
   It affects your intelligence (+4).
   It affects your resistance to hostile enchantments.
 l - an uncursed ring of positive energy
 B - an amulet of regeneration (around neck)
 I - a +4 ring of strength (right hand)
 K - an uncursed ring of flight
 L - a +2 ring of dexterity
 O - an uncursed ring of positive energy
Wands
 J - a wand of acid (14)
Scrolls
 h - 3 scrolls of enchant weapon
 i - a scroll of enchant armour
 j - a scroll of amnesia
 q - 3 scrolls of remove curse
 r - a scroll of noise
 u - 2 scrolls of teleportation {unknown}
 v - 4 scrolls of immolation
 w - a scroll of silence {unknown}
 y - a scroll of fear {unknown}
 D - 4 scrolls of magic mapping
 F - 4 scrolls of identify
Potions
 a - 3 potions of lignification
 d - a potion of flight {unknown}
 e - 2 potions of heal wounds {unknown}
 f - 2 potions of might {unknown}
 g - a potion of agility {unknown}
 m - 2 potions of brilliance {unknown}
 n - 7 potions of curing {unknown}
 o - a potion of berserk rage {unknown}
 z - 2 potions of degeneration {unknown}
 A - 2 potions of invisibility {unknown}
 E - a potion of mutation {unknown}
Comestibles
 c - 17 rations


   Skills:
 + Level 11.6 Fighting
 + Level 12.3 Maces & Flails
 + Level 8.9 Dodging
 + Level 3.9 Stealth


You had 11 spell levels left.
You didn't know any spells.
Your spell library was empty.

Dungeon Overview and Level Annotations

Branches:
Dungeon (10/15)            Temple (0/1) D:4
   Lair: D:8-11         Orc: D:9-12

Altars:
Elyvilon
Gozag
Okawaru
Qazlal
Ru
Sif Muna
Trog
Vehumet
Wu Jian
Yredelemnul
Zin

Shops:
D:6 %   D:7 [[=   D:8 :   D:10 [

Annotations:
D:10 Sonja


Innate Abilities, Weirdness & Mutations

You are too large for most types of armour.
You have tough skin. (AC +1)


Message History

The brown very ugly thing closely misses you.
The brown very ugly thing basks in the mutagenic energy from its kin and changes!
You barely miss the brown very ugly thing.
The brown very ugly thing is lightly wounded.
The brown very ugly thing headbutts you!!
The acid corrodes you!
You are splashed with acid!
The acid burns!
* * * LOW HITPOINT WARNING * * *
Unknown command.
You hit the brown very ugly thing but do no damage.
Your weapon exudes an aura of protection.
The brown very ugly thing is lightly wounded.
The brown very ugly thing headbutts you!
* * * LOW HITPOINT WARNING * * *
You are splashed with acid!
The acid burns!
* * * LOW HITPOINT WARNING * * *
The red very ugly thing closely misses you.
The cyan ugly thing headbutts you.
* * * LOW HITPOINT WARNING * * *
The cyan ugly thing shocks you!
You die...

##
##≈≈#
..#...
#.#./.
#.#..
....
.u##
#uu#
#@#
#u#
#.#
#.#
...
.##.#
# #.
##


You could see 2 very ugly things and 2 ugly things.

Vanquished Creatures
  Gastronok (D:10)
  Snorg (D:10)
  3 two-headed ogres
  Nergalle (D:10)
  The ghost of DEFE the Carver, a novice DrFi of Okawaru (D:8)
  The ghost of iamserjio the Quickloader, a novice HaHu of Okawaru (D:7)
  Pikel (D:8)
  Joseph (D:8)
  A gargoyle (D:8)
  The ghost of galech the Skirmisher, an amateur OgBe of Trog (D:3)
  Grinder (D:4)
  3 hippogriffs
  A wyvern (D:8)
  A hungry ghost (D:8)
  3 slaves (D:8)
  3 orc warriors
  2 phantoms
  2 ice beasts
  7 ogres
  A black bear (D:9)
  2 sky beasts
  The ghost of iamserjio the Bolt Thrower, an amateur HaHu (D:4)
  3 centaurs
  A crocodile (D:9)
  2 bullfrogs
  4 scorpions
  15 killer bees
  2 jellies
  3 howler monkeys
  A wight (D:2)
  2 bullfrog zombies
  3 crimson imps
  4 centaur zombies
  A quasit (D:10)
  Crazy Yiuf (D:2)
  5 hounds
  14 orc wizards
  6 orc priests
  A bullfrog skeleton (D:9)
  A gnoll shaman (D:4)
  7 worker ants
  3 iguanas
  A big kobold zombie (Ossuary)
  2 mummies (Ossuary)
  Robin (D:2)
  12 gnolls
  A howler monkey skeleton (D:9)
  8 adders
  An ooze (D:4)
  3 adder zombies
  2 adder skeletons
  4 worms (D:3)
  3 dart slugs
  6 leopard geckos
  21 orcs
  2 ball pythons (D:3)
  5 bats
  7 giant cockroaches
  10 hobgoblins
  22 jackals
  5 quokkas
  8 frilled lizards
  13 goblins
  A goblin zombie (Ossuary)
  10 hobgoblin zombies (Ossuary)
  A jackal zombie (D:6)
  7 kobolds
  13 kobold zombies (Ossuary)
  6 orc zombies (Ossuary)
  A quokka skeleton (D:6)
  7 rats
  2 rat zombies (Ossuary)
303 creatures vanquished.

Notes
Turn   | Place    | Note
-------+----------+-------------------------------------------
     0 | D:1      | galech the Ogre Berserker began the quest for the Orb.
     0 | D:1      | Reached XP level 1. HP: 24/24 MP: 1/1
   152 | D:1      | Reached XP level 2. HP: 32/32 MP: 2/2
   450 | D:1      | Found an iron altar of Okawaru.
   458 | D:1      | Reached skill level 3 in Maces & Flails
   694 | D:2      | Reached ** piety under Trog
   718 | D:2      | Found a white marble altar of Elyvilon.
   734 | D:2      | Reached XP level 3. HP: 35/40 MP: 3/3
   767 | D:2      | Noticed Robin
   811 | D:2      | Killed Robin
  1130 | D:2      | Found a sacrificial altar of Ru.
  1169 | D:2      | Found a transporter.
  1184 | D:2      | Found a transporter.
  1191 | D:2      | Noticed a hippogriff
  1193 | D:2      | Found a deep blue altar of Sif Muna.
  1317 | D:2      | Found a runed door.
  1586 | D:2      | Noticed Crazy Yiuf
  1589 | D:2      | Paralysed by Crazy Yiuf for 3 turns
  1594 | D:2      | Killed Crazy Yiuf
  1594 | D:2      | Reached XP level 4. HP: 49/49 MP: 4/4
  1826 | D:3      | Reached skill level 4 in Maces & Flails
  1870 | D:3      | Reached XP level 5. HP: 54/55 MP: 5/5
  1884 | D:3      | Reached skill level 5 in Fighting
  2057 | D:3      | Found a basalt altar of Yredelemnul.
  2173 | D:3      | Reached *** piety under Trog
  2265 | D:3      | Noticed galech's ghost (amateur OgBe)
  2277 | D:3      | Killed galech's ghost
  2277 | D:3      | Reached skill level 5 in Maces & Flails
  2277 | D:3      | Reached XP level 6. HP: 66/66 MP: 6/6
  2277 | D:3      | Reached XP level 7. HP: 72/72 MP: 7/7
  2863 | D:4      | Reached skill level 6 in Maces & Flails
  2872 | D:4      | Noticed iamserjio's ghost (amateur HaHu)
  3123 | D:4      | Killed iamserjio's ghost
  3563 | D:4      | Reached skill level 1 in Stealth
  3972 | D:4      | Noticed Grinder
  3987 | D:4      | Paralysed by Grinder for 4 turns
  3996 | D:4      | Killed Grinder
  3996 | D:4      | Reached XP level 8. HP: 76/84 MP: 8/8
  4114 | D:4      | Found a staircase to the Ecumenical Temple.
  4188 | D:4      | Found a radiant altar of Vehumet.
  4319 | D:4      | Found a stormy altar of Qazlal.
  4644 | D:5      | Entered Level 5 of the Dungeon
  4719 | D:5      | Reached skill level 7 in Maces & Flails
  5061 | D:5      | Reached skill level 5 in Dodging
  5275 | D:5      | Found an ornate altar of the Wu Jian Council.
  6169 | D:6      | Reached **** piety under Trog
  6345 | D:6      | Reached XP level 9. HP: 93/93 MP: 9/9
  6425 | D:6      | Reached skill level 8 in Maces & Flails
  6893 | D:6      | Found Acvis's Food Boutique.
  7180 | D:7      | Found Gufurchu's Antique Armour Shop.
  7186 | D:7      | Found a sand-covered staircase.
  7200 | Ossuary  | Entered an ossuary
  7693 | D:7      | Bought a silken robe for 176 gold pieces
  7703 | D:7      | Identified the +1 robe of Omission {rF+} (You bought it in a shop on level 7 of the Dungeon)
  7733 | D:7      | Found Giaco's Antique Armour Emporium.
  7746 | D:7      | Noticed iamserjio's ghost (novice HaHu)
  7774 | D:7      | Killed iamserjio's ghost
  7774 | D:7      | Reached skill level 9 in Maces & Flails
  7798 | D:7      | Found a sacrificial altar of Ru.
  7819 | D:7      | Reached ***** piety under Trog
  8005 | D:7      | Found Bawn's Jewellery Emporium.
  8052 | D:7      | Reached XP level 10. HP: 83/106 MP: 10/10
  8243 | D:7      | Bought an ichor-stained robe for 188 gold pieces
  8253 | D:7      | Identified the +0 robe of the Ancient Places {rPois rC+ Str-5} (You bought it in a shop on level 7 of the Dungeon)
  8298 | D:8      | Found Yliytt's Book Shoppe.
  8804 | D:8      | Reached skill level 10 in Maces & Flails
  9057 | D:8      | Noticed Pikel
  9143 | D:8      | Killed Pikel
  9335 | D:8      | Noticed Joseph
  9338 | D:8      | Noticed a two-headed ogre
  9838 | D:8      | Killed a two-headed ogre
  9852 | D:8      | Killed Joseph
  9891 | D:8      | Noticed a two-headed ogre
  9903 | D:8      | Killed a two-headed ogre
  9903 | D:8      | Reached skill level 10 in Fighting
  9903 | D:8      | Reached skill level 11 in Maces & Flails
  9903 | D:8      | Reached XP level 11. HP: 118/118 MP: 11/11
 10012 | D:8      | Noticed DEFE's ghost (novice DrFi)
 10019 | D:8      | Killed DEFE's ghost
 10064 | D:8      | Received a gift from Trog
 10518 | D:8      | Found an iron altar of Okawaru.
 10518 | D:8      | Found a glowing silver altar of Zin.
 10585 | D:9      | Found an opulent altar of Gozag.
 11163 | D:9      | Noticed a two-headed ogre
 11170 | D:9      | Killed a two-headed ogre
 11397 | D:10     | Entered Level 10 of the Dungeon
 11401 | D:10     | Noticed Nergalle
 11407 | D:10     | Killed Nergalle
 11542 | D:10     | Found Totwaoff's Antique Armour Emporium.
 11817 | D:10     | HP: 5/120 [killer bee (3)]
 11822 | D:10     | HP: 7/180 [poisoned by a killer bee]
 11972 | D:10     | Noticed Snorg
 11983 | D:10     | Killed Snorg
 11983 | D:10     | Reached skill level 12 in Maces & Flails
 12090 | D:10     | Found a bloodstained altar of Trog.
 12125 | D:10     | Noticed Gastronok
 12142 | D:10     | Killed Gastronok
 12142 | D:10     | Reached XP level 12. HP: 78/130 MP: 12/12
 12234 | D:10     | Got a steaming tin ring
 12248 | D:10     | Noticed Sonja
 12255 | D:10     | Cast into level 1 of the Abyss (Sonja)
 12263 | Abyss:1  | Identified the ring of Geihuamei {MR+ Str+2 Int+4} (You found it on level 10 of the Dungeon)
 12265 | Abyss:1  | Noticed a brown very ugly thing
 12265 | Abyss:1  | Noticed a brown very ugly thing
 12270 | Abyss:1  | Slain by a cyan ugly thing

Vault maps used:
D:1:      dpeg_arrival_arbitrary_a, okawaru_ov_weapons_minmay
D:2:      gammafunk_temple_overflow_arena, lemuel_crystal_altar,
          nicolae_ru_sacrificial_ziggurat, uniq_robin, uniq_crazy_yiuf_cottage
D:3:      minmay_wonky_spiral, nicolae_overflow_hidden_temple, first_ration
D:4:      lemuel_round_altar, overflow_temple_1_default,
          minmay_temple_entry_nine_rooms, grunt_ministairs_6,
          minmay_misc_feat_iff, uniq_grinder
D:5:      lemuel_crystal_altar
D:6:      serial_shops, nicolae_shop_crystal
D:7:      kennysheep_mini_moat, nicolae_ossuary_entry_ruins, serial_shops,
          shop_fountains, nicolae_shop_crystal, shop_fountains, grunt_ogre_cave,
          minivault_25, abandoned_shop
D:8:      gammafunk_temple_overflow_elements, serial_shops, shop, uniq_pikel,
          uniq_joseph
D:9:      nicolae_overflow_crystal_walls
D:10:     serial_shops, shop, basic_altar, uniq_nergalle, uniq_sonja,
          uniq_gastronok, uniq_snorg
Ossuary:  ossuary_tomb_1

Skill      XL: |  1  2  3  4  5  6  7  8  9 10 11 |
---------------+----------------------------------+-----
Dodging        | 3 4 5 6 7 8 |  8.9
Maces & Flails | 3 4 5 6 7 9 11 12 | 12.3
Fighting       | 5 6 7 8 10 11 | 11.6
Stealth        | 1 2 3 |  3.9

Action                   |  1- 3 |  4- 6 |  7- 9 | 10-12 || total
-------------------------+-------+-------+-------+-------++-------
Melee: Mace              |   133 |   117 |   313 |       ||   563
       Flail             |       |       |   212 |   189 ||   401
       Dire flail        |       |       |       |   178 ||   178
Invok: Berserk           |     2 |     1 |     9 |    11 ||    23
       Trog's Hand       |     1 |       |     5 |     5 ||    11
  Use: Scroll            |       |       |     8 |     2 ||    10
       Potion            |       |       |       |     1 ||     1
 Stab: Sleeping          |       |       |     3 |     4 ||     7
  Eat: Chunk             |     4 |     3 |    20 |    24 ||    51
       Ration            |       |       |     3 |     3 ||     6
Armor: Animal skin       |    52 |    60 |   201 |       ||   313
       Robe              |       |       |    25 |   129 ||   154
       Skin              |       |       |       |     5 ||     5
Dodge: Dodged            |    85 |    64 |   317 |   222 ||   688

Table legend:
 A = Spawn XP
 B = Non-spawn XP
 C = Spawn XP percentage of total XP
 D = Spawn monster count
 E = Non-spawn monster count
 F = Spawn count percentage of total count
 G = Total turns spent on level
                    A         B        C        D         E        F      G
               +---------+---------+-------+---------+---------+-------+---------
         Total |       0 |   18474 |   0.0 |       0 |     300 |   0.0 | 12270
               +---------+---------+-------+---------+---------+-------+---------
           D:1 |       0 |      26 |   0.0 |       0 |      16 |   0.0 |   665
           D:2 |       0 |     416 |   0.0 |       0 |      29 |   0.0 |  1223
           D:3 |       0 |     596 |   0.0 |       0 |      44 |   0.0 |  1617
           D:4 |       0 |     743 |   0.0 |       0 |      20 |   0.0 |  1370
           D:5 |       0 |     576 |   0.0 |       0 |      24 |   0.0 |  1203
           D:6 |       0 |     924 |   0.0 |       0 |      20 |   0.0 |  1400
           D:7 |       0 |    1723 |   0.0 |       0 |      23 |   0.0 |  1225
           D:8 |       0 |    5893 |   0.0 |       0 |      35 |   0.0 |  1357
           D:9 |       0 |    1731 |   0.0 |       0 |      21 |   0.0 |   863
          D:10 |       0 |    5611 |   0.0 |       0 |      29 |   0.0 |   858
       Ossuary |       0 |     235 |   0.0 |       0 |      39 |   0.0 |   474
               +---------+---------+-------+---------+---------+-------+---------
